 Dungeon Crawl Stone Soup version 0.32-a0-900-g30fb1b0edc (webtiles) character file.

Game seed: 7162630013895587284

405072 Pooter the Eviscerator (level 22, -14/156 (162) HPs)
             Began as a Felid Berserker on Mar 30, 2024.
             Was the Champion of Trog.
             Killed from afar by an eidolon (20 damage)
             ... with a bolt of negative energy
             ... on level 2 of the Depths on Apr 5, 2024.
             The game lasted 07:10:46 (75883 turns).

Pooter the Eviscerator (Felid Berserker)           Turns: 75883, Time: 07:10:46

HP:   -14/156 (162) AC: 29    Str: 23    XL:     22   Next: 35%
MP:   23/23         EV: 33    Int: 13    God:    Trog [******]
Gold: 675           SH:  0    Dex: 18    Spells: 21/21 levels left
                                        Lives: 0   Deaths: 8

rFire   + .          .
                       - Unarmed
rCold   + . .        (shield unavailable)
rNeg    + . .        (body armour unavailable)
rPois   ∞            (helmet unavailable)
rElec   +            (cloak unavailable)
rCorr   +            (gloves unavailable)
SInv    +            (boots unavailable)
Will    +++..        i - amulet of the Barnacled God {rPois Regen+ RegenMP+ Str+2 Dex-5}
Stlth   ++++++++     F - +6 ring of strength
HPRegen 1.26/turn    l - +4 ring of slaying
MPRegen 0.58/turn

%: no passive effects
@: mighty, statue-form, resistant, on berserk cooldown, slowed, lightly drained,
very slow
A: slow and powerful, torment resistance 1, boosted hp, very small, claws 1,
fangs 3, see invisible, (shaggy fur 3), stealthy paws, no weapons or thrown
items, no armour, multi-lived
}: 2/15 runes: barnacled, gossamer
a: Begin Untransformation, Renounce Religion, Berserk, Trog's Hand, Brothers in
Arms


You were on level 2 of the Depths.
You worshipped Trog.
Trog was exalted by your worship.
You were a living statue of rough stone.
You visited 7 branches of the dungeon, and saw 36 of its levels.
You also visited: Ossuary, Gauntlet, Ice Cave and Volcano.

You collected 4527 gold pieces.
You spent 3852 gold pieces at shops.

Inventory:

Jewellery
 a - a ring of magical power
   (You found it on level 6 of the Dungeon)
 c - an amulet of reflection
   (You found it on level 1 of the Dungeon)
 i - the amulet of the Barnacled God (around neck) {rPois Regen+ RegenMP+ Str+2 Dex-5}
   (You bought it in a shop on level 13 of the Dungeon)

   [amulet of magic regeneration]

   It increases your rate of magic regeneration.
   Str+2:     It affects your strength (+2).
   Dex-5:     It affects your dexterity (-5).
   rPois:     It protects you from poison.
   Regen+:    It increases your rate of health regeneration.
   RegenMP+:  It increases your rate of magic regeneration.
 l - a +4 ring of slaying (right paw)
   (You found it on level 6 of the Dungeon)
 w - a ring of fire
   (You found it on level 11 of the Dungeon)
 y - a ring of protection from cold
   (You found it in an ice cave)
 A - a +4 ring of protection
   (You found it on level 11 of the Dungeon)
 B - a +6 ring of intelligence
   (You found it on level 11 of the Dungeon)
 C - a ring of resist corrosion
   (You found it on level 8 of the Dungeon)
 F - a +6 ring of strength (left paw)
   (You bought it in a shop on level 2 of the Orcish Mines)
 I - a ring of protection from cold
   (You bought it in a shop on level 2 of the Orcish Mines)
 N - a ring of positive energy
   (You found it on level 4 of the Shoals)
 O - a +6 ring of dexterity
   (You took it off a centaur warrior on level 13 of the Dungeon)
 R - a ring of willpower
   (You found it on level 15 of the Dungeon)
Talismans
 b - a flux talisman
   (You found it on level 6 of the Dungeon)
 m - a serpent talisman
   (You found it on level 6 of the Dungeon)
 q - a maw talisman
   (You found it on level 10 of the Dungeon)
 r - a granite talisman (active)
   (You found it on level 4 of the Spider Nest)
 L - a blade talisman
   (You bought it in a shop on level 2 of the Orcish Mines)
 U - the dragon-blood talisman of the Forsaken People {*Slow Str+2 SInv}
   (You took it off Bai Suzhen on level 3 of the Shoals)

   [dragon-blood talisman]

   Str+2:     It affects your strength (+2).
   SInv:      It lets you see invisible.
   *Slow:     It may slow you when you take damage.
Wands
 f - a wand of flame (5)
   (You found it on level 3 of the Spider Nest)
 u - a wand of paralysis (6)
   (You found it on level 1 of the Shoals)
 x - a wand of acid (8)
   (You found it on level 2 of the Shoals)
 D - a wand of digging (10)
   (You found it on level 14 of the Dungeon)
 J - a wand of warping (14)
   (You bought it in a shop on level 3 of the Shoals)
 V - a wand of mindburst (15)
   (You bought it in a shop on level 3 of the Shoals)
Scrolls
 d - 9 scrolls of poison {!r}
 k - 10 scrolls of fog
 s - 4 scrolls of vulnerability {!r}
 t - 5 scrolls of teleportation {@r4}
 z - a scroll of silence
 K - a scroll of noise {!r}
 P - a scroll of revelation
 Q - 5 scrolls of immolation {!r}
 S - 2 scrolls of fear
Potions
 e - 15 potions of curing {@q1}
 g - 4 potions of heal wounds {@q2}
 j - 3 potions of enlightenment
 o - 4 potions of ambrosia
 p - 4 potions of attraction {!q}
 v - 8 potions of lignification {!q}
 E - 4 potions of mutation {!q}
 H - 4 potions of haste {@q3}
 M - 5 potions of cancellation
Miscellaneous
 h - a phantom mirror
   (You found it in a Gauntlet)
 n - a condenser vane
   (You found it on level 13 of the Dungeon)


   Skills:
 + Level 16.4 Fighting
 - Level 20.8 Dodging
 + Level 21.7 Stealth
 * Level 24.8 Unarmed Combat
 + Level 14.4 Evocations
 * Level 18.1 Shapeshifting


You had 21 spell levels left.
You didn't know any spells.
Your spell library was empty.

Dungeon Overview and Level Annotations

Branches:
Dungeon (15/15) Zot: 23516  Temple (0/1) D:7            Lair (5/5) D:11 Zot: 22502
 Shoals (4/4) Lair:2 Zot: 13602  Spider (4/4) Lair:2 Zot: 17552   Slime (0/5) Lair:5
    Orc (2/2) D:10 Zot: 5524     Elf (0/3) Orc:2        Vaults (4/5) D:14 Zot: 15873
  Crypt (0/3) Vaults:3     Depths (2/4) D:15 Zot: 15223 Ossuary (visited)
  IceCv (visited)         Volcano (visited)         Gauntlet (visited)

Altars:
Ashenzari
Cheibriados
Fedhas
Gozag
Kikubaaqudgha
Makhleb
Nemelex Xobeh
Okawaru
Qazlal
Ru
Uskayaw
Yredelemnul
Zin
The Shining One
Beogh

Shops:
D:2 (   D:6 *   D:12 *   D:13 [*==   Orc:2 *?(=   Shoals:2 [(**   Shoals:3 *
Vaults:1 =

Portals:
Hell: Depths:1 Depths:2
Pandemonium: Orc:2 Depths:2
Trove: D:11 (give 7 scrolls of fear)


Innate Abilities, Weirdness & Mutations

You are a living statue of rough stone.
Your actions are slow, but your melee attacks are powerful.
You are resistant to unholy torment.
Your maximum health is greatly increased.
You are immune to poison.
You have sharp claws.
You have razor-sharp teeth.
You have supernaturally acute eyesight. (SInv)
((Your thick and shaggy fur keeps you warm. (AC +3, rC+)))
Your paws help you pounce on unaware monsters.
You are incapable of wielding weapons or throwing items.
You cannot wear armour.
You gain extra lives every three experience levels.


Message History

The +0 spectral morningstar completely misses you.
Asterion completely misses you. The balrug gestures at you. Makhleb smites you!
* * * LOW HITPOINT WARNING * * *
Unknown command.
You eviscerate Asterion!!!
You kill Asterion!
Trog accepts your kill.
The +0 spectral morningstar disappears.
The balrug disappears in a puff of smoke!
Okay, then.
Unknown command.
Unknown command.
You feel much better.
The ancient champion mumbles some strange words.
The ancient champion seems to speed up.
The vampire knight casts a spell.
The vampire knight flickers and vanishes for a moment.
The ancient champion hits you but does no damage.
You feel much better.
The ancient champion hits you with a +3 great mace!
* * * LOW HITPOINT WARNING * * *
A salamander tyrant comes into view.
The ancient champion gestures at you while chanting.
The iron shot misses you.
The ancient champion hits you with a +3 great mace!
* * * LOW HITPOINT WARNING * * *
A phantasmal warrior comes into view.
Okay, then.
You scratch the ancient champion but do no damage.
The ancient champion hits you with a +3 great mace!
* * * LOW HITPOINT WARNING * * *
The ancient champion hits you with a +3 great mace!
* * * LOW HITPOINT WARNING * * *
You eviscerate the ancient champion!!!
The ancient champion completely misses you.
Unknown command.
You barely miss the ancient champion.
The ancient champion hits you with a +3 great mace.
* * * LOW HITPOINT WARNING * * *
The ancient champion points at you and mumbles some strange words.
The iron shot misses you.
You barely miss the ancient champion. Your claw misses the ancient champion.
The ancient champion misses you. The eidolon stares piercingly at you.
The bolt of negative energy hits the ancient champion.
The ancient champion completely resists.
The bolt of negative energy hits you!! You partially resist.
You feel drained.
You die...

'.∩.' ... # ##'##
.# ~ ##...## ..#
~. ##.....## #..#
~..
#....N..##...#
#..####'####..#(#
#.....VWz......#
####~..##I#..###
#~..##..$##
#~..###.##
~#####~!.# #.#
~~~~~~~..# #.#
.........# #.#
........## #.#
........# #.#
........# ##.#


You could see a vampire knight (invisible), an eidolon, an ancient champion
(fast) and a salamander tyrant.

Vanquished Creatures
  Sojobo (Vaults:2)
  Bai Suzhen (Shoals:3)
  Margery (Vaults:1)
  the Enchantress (Depths:1)
  Norris (Depths:1)
  Arachne (Spider:3)
  Mlioglotl (Shoals:1)
  A searing wretch (Vaults:1)
  Asterion (Depths:2)
  Jorgrun (D:13)
  2 sphinxes
  2 tengu reavers (Vaults:2)
  A kraken (Shoals:3)
  Aizul (Shoals:2)
  Kirke (D:13)
  Roxanne (Shoals:3)
  A storm dragon (D:13)
  Ilsuiw (Shoals:4)
  4 frost giants
  A fire giant (D:13)
  10 emperor scorpions
  Louise (Shoals:2)
  2 orc warlords
  10 vault wardens
  25 ironbound preservers
  7 ghost moths
  3 spriggan defenders (Depths:1)
  7 formless jellyfish
  2 broodmothers
  6 stone giants
  8 ironbound thunderhulks
  2 deep elf death magi
  8 dire elephants
  A deep elf demonologist (Vaults:3)
  A minotaur (Gauntlet)
  3 war gargoyles (Vaults:4)
  Azrael (D:13)
  Snorg (Lair:5)
  2 eidola (Vaults:4)
  6 spark wasps
  6 merfolk impalers
  6 merfolk javelineers
  A crystal guardian (Vaults:4)
  16 yaktaur captains
  2 fire dragons (Depths:2)
  6 ettins
  A deep elf high priest (Vaults:3)
  7 entropy weavers
  3 great orbs of eyes
  2 peacekeepers (Vaults:4)
  7 vault guards
  3 demonspawn (Orc:2)
  5 hydras
  3 ice dragons
  2 ogre magi
  3 catoblepae (Lair:5)
  A rakshasa (Depths:1)
  10 ironbound frosthearts
  2 jorogumos
  11 boulder beetles
  A hell beast (Depths:2)
  An alligator snapping turtle (Shoals:4)
  2 spriggan air magi (Depths:1)
  8 radroaches
  14 two-headed ogres
  2 merfolk avatars
  16 death yaks
  5 merfolk aquamancers
  12 centaur warriors
  2 satyrs (Shoals:3)
  A death knight (D:15)
  10 tengu warriors
  4 deep troll shamans (Depths:1)
  A sphinx skeleton (Depths:2)
  3 vampire magi
  11 demonic crawlers
  2 deep troll earth magi
  A spriggan berserker (Depths:1)
  2 orc high priests (Orc:2)
  4 hell knights
  A storm dragon zombie (D:15)
  A shock serpent (Orc:2)
  Sonja (D:13)
  2 iron trolls
  A sixfirhy (Orc:2)
  11 pharaoh ants
  3 skeletal warriors (D:15)
  8 skysharks
  2 spark wasp zombies (D:15)
  A fire crab (Gauntlet)
  A death drake (Gauntlet)
  10 sea snakes
  7 arcanists
  A swamp dragon (D:10)
  2 bog bodies (Shoals:1)
  A quicksilver dragon simulacrum (Depths:2)
  4 glowing orange brains
  9 orb spiders
  2 sun moths
  12 steelbarb worms
  79 deep trolls
  5 lindwurms
  28 ironbound convokers
  A phantasmal warrior (D:15)
  5 orc knights
  28 harpies
  An obsidian bat (Orc:1)
  2 oklob plants (Spider:2)
  5 necromancers
  2 frost giant zombies (Depths:2)
  3 deep elf pyromancers
  12 orc sorcerers
  17 fauns
  16 manticores
  34 wolf spiders
  14 cyclopes
  A spectral centaur (Gauntlet)
  8 meliai
  46 ugly things
  9 merfolk sirens
  11 elephants
  13 vault sentinels
  A black mamba (Lair:5)
  An ice statue (IceCv)
  4 kobold blastminers
  A molten gargoyle (Volcano)
  3 water nymphs
  14 cane toads
  5 gargoyles
  8 torpor snails
  2 tengu conjurers
  An efreet (D:13)
  43 yaktaurs
  A kobold demonologist (D:13)
  7 rime drakes
  A tormentor (Depths:2)
  9 komodo dragons
  A red devil (Orc:2)
  A freezing wraith (D:15)
  A queen bee (Spider:2)
  9 polar bears
  30 merfolk
  5 trolls
  A wolf spider simulacrum (D:14)
  30 tarantellas
  A glass eye (Depths:1)
  9 wind drakes
  3 hornets
  18 blink frogs
  6 snapping turtles
  17 dream sheep
  42 jumping spiders
  33 culicivoras
  3 shadows
  A ynoxinul (Orc:2)
  3 spriggans (Depths:1)
  32 slime creatures
  2 wraiths (D:13)
  4 vampires
  4 fire elementals
  7 water elementals
  5 wyverns
  6 basilisks
  6 fire bats
  A human (shapeshifter) (D:12)
  5 vampire mosquitoes (D:13)
  A warg (Orc:2)
  95 yaks
  52 redbacks
  Menkaure (D:7)
  A steam dragon (D:7)
  A swamp worm (Spider:4)
  2 acid dragons
  5 hell hounds
  14 water moccasins
  3 ice beasts
  3 sky beasts
  29 orc warriors
  2 ogres (Orc:1)
  7 black bears
  26 wolves
  18 centaurs
  A phantom (D:6)
  A kobold brigand (D:8)
  11 bullfrogs
  4 gnoll sergeants
  3 scorpions
  3 water moccasin zombies (Ossuary)
  A burial acolyte (Ossuary)
  3 wights (D:8)
  12 killer bees
  4 howler monkeys
  4 electric eels
  3 lava snakes (Volcano)
  4 hounds
  24 orc priests
  A bombardier beetle (D:4)
  A spectral scorpion (Ossuary)
  3 gnoll boudas
  4 jellies (Lair:5)
  28 orc wizards
  2 sleepcaps
  2 scorpion zombies (D:6)
  2 iguanas (D:5)
  A crocodile zombie (Ossuary)
  2 mummies (Ossuary)
  6 howler monkey skeletons (D:6)
  25 gnolls
  7 adders
  2 shadow imps
  12 white imps (D:13)
  2 ufetubi (D:5)
  5 adder zombies (Ossuary)
  A dart slug (D:4)
  A ribbon worm (D:2)
  99 orcs
  11 bats
  3 endoplasms
  2 giant cockroaches (D:1)
  6 gnoll zombies (Ossuary)
  8 goblins
  9 hobgoblins
  3 quokkas
  8 ball pythons
  7 frilled lizards
  12 jackal zombies (Ossuary)
  16 kobolds
  3 orc zombies (Ossuary)
  7 rats
  A tentacle (Shoals:3)
1777 creatures vanquished.

Vanquished Creatures (collateral kills)
  A yaktaur (Vaults:1)
  A redback (Spider:2)
  2 orc warriors (Orc:2)
  2 orcs (Orc:2)
6 creatures vanquished.

Vanquished Creatures (others)
  An ironbound preserver (Vaults:3)
  2 deep trolls (Vaults:3)
  An orb spider (Spider:1)
  A deep elf pyromancer (D:13)
  An ugly thing (D:14)
  A faun (Shoals:3)
  A centaur simulacrum (D:13)
  5 slime creatures (D:13)
  7 humans (D:13)
  3 tentacles (Shoals:3)
23 creatures vanquished.

Grand Total: 1806 creatures vanquished

Notes
Turn   | Place    | Note
-------+----------+-------------------------------------------
     0 | D:1      | Pooter the Felid Berserker began the quest for the Orb.
     0 | D:1      | Reached XP level 1. HP: 12/12 MP: 2/2
   156 | D:1      | Reached XP level 2. HP: 10/16 MP: 3/3
   161 | D:1      | Reached skill level 1 in Stealth
   577 | D:1      | Reached XP level 3. HP: 20/20 MP: 4/4
   927 | D:2      | Reached ** piety under Trog
   972 | D:2      | Found Buytakuq's Weapon Shop.
  1399 | D:2      | Found a broken altar of Ashenzari.
  1655 | D:3      | Found a faded altar of an unknown god.
  1778 | D:2      | Reached XP level 4. HP: 13/24 MP: 5/5
  1778 | D:2      | Gained a life (2 lives remaining)
  1900 | D:2      | Reached skill level 4 in Unarmed Combat
  2549 | D:4      | Reached XP level 5. HP: 22/29 MP: 6/6
  2685 | D:4      | Reached skill level 5 in Dodging
  2997 | D:4      | Found a glowing golden altar of the Shining One.
  3320 | D:4      | Gained mutation: You are covered in thick fur. (AC +2)
                  | [Felid growth]
  3320 | D:4      | Reached XP level 6. HP: 31/33 MP: 7/7
  3351 | D:4      | Reached skill level 5 in Unarmed Combat
  3615 | D:4      | Found a snail-covered altar of Cheibriados.
  3703 | D:5      | Entered Level 5 of the Dungeon
  3816 | D:5      | Found a sacrificial altar of Ru.
  3907 | D:5      | Reached XP level 7. HP: 38/38 MP: 8/8
  4276 | D:5      | Reached skill level 6 in Unarmed Combat
  4382 | D:6      | Found Vinwan's Lightly-Used Armoury.
  4399 | D:6      | Reached skill level 5 in Stealth
  4535 | D:6      | Found a sand-covered staircase.
  4554 | Ossuary  | Entered an ossuary
  4606 | Ossuary  | Reached *** piety under Trog
  4619 | Ossuary  | Reached skill level 1 in Shapeshifting
  4728 | Ossuary  | Reached skill level 5 in Fighting
  4810 | Ossuary  | Reached XP level 8. HP: 43/43 MP: 9/9
  5757 | D:6      | Identified the +6 trident of the Swamp {protect, rN++
                  | Str+4}
  5843 | D:6      | Reached skill level 7 in Unarmed Combat
  5950 | D:6      | HP: 1/44 [orc/+0 flail (9)]
  5999 | D:6      | Found an ancient bone altar of Kikubaaqudgha.
  6006 | D:6      | Identified a scroll of acquirement
  6007 | D:6      | Acquired a manual of Dodging
  6179 | D:6      | Found a stormy altar of Qazlal.
  6548 | D:6      | Reached XP level 9. HP: 48/48 MP: 10/10
  6656 | D:7      | Found a staircase to the Ecumenical Temple.
  6950 | D:7      | Noticed Menkaure
  6966 | D:7      | Killed Menkaure
  6988 | D:7      | Reached skill level 8 in Unarmed Combat
  7014 | D:7      | Reached **** piety under Trog
  8222 | D:8      | Found an opulent altar of Gozag.
  8230 | D:8      | Found an opulent altar of Gozag.
  8230 | D:8      | Found an opulent altar of Gozag.
  8500 | D:8      | Found an opulent altar of Gozag.
  9048 | D:8      | Reached skill level 1 in Evocations
  9222 | D:8      | Found a sparkling altar of Nemelex Xobeh.
  9415 | D:8      | Found a broken altar of Ashenzari.
  9422 | D:8      | Noticed a gargoyle
  9439 | D:8      | Killed a gargoyle
  9440 | D:8      | Reached XP level 10. HP: 53/53 MP: 11/11
  9441 | D:8      | Reached skill level 5 in Shapeshifting
  9443 | D:8      | Found a sacrificial altar of Ru.
  9449 | D:8      | Reached skill level 10 in Dodging
  9461 | D:8      | Found a burning altar of Makhleb.
  9461 | D:8      | Found a broken altar of Ashenzari.
  9472 | D:8      | Found a glowing silver altar of Zin.
  9495 | D:8      | Reached skill level 9 in Unarmed Combat
  9693 | D:8      | Identified the +6 chain mail of Abstinence {rElec rC++ rN+
                  | Regen+}
 10623 | D:9      | Found a basalt altar of Yredelemnul.
 10632 | D:9      | Found an iron altar of Okawaru.
 10693 | D:10     | Entered Level 10 of the Dungeon
 10742 | D:10     | Noticed a two-headed ogre
 10749 | D:10     | Killed a two-headed ogre
 10918 | D:10     | Reached XP level 11. HP: 40/58 MP: 12/12
 11250 | D:10     | Reached skill level 10 in Unarmed Combat
 11953 | D:10     | Found a staircase to the Orcish Mines.
 12045 | Orc:1    | Entered Level 1 of the Orcish Mines
 12045 | Orc:1    | Noticed a two-headed ogre
 12069 | D:10     | Killed a two-headed ogre
 12146 | Orc:1    | Noticed an orc sorcerer
 12146 | Orc:1    | Noticed an orc knight
 12147 | Orc:1    | an orc sorcerer changed into a steelbarb worm
 12147 | Orc:1    | Noticed a steelbarb worm
 12148 | Orc:1    | an orc knight changed into a swamp dragon
 12148 | Orc:1    | Noticed a swamp dragon
 12292 | D:11     | Noticed a two-headed ogre
 12309 | D:11     | Killed a two-headed ogre
 12441 | D:11     | Noticed a boulder beetle
 12454 | D:11     | Noticed a two-headed ogre
 12459 | D:11     | Killed a two-headed ogre
 12471 | D:11     | Killed a boulder beetle
 12472 | D:11     | Reached skill level 10 in Stealth
 12607 | D:11     | Noticed a two-headed ogre
 12617 | D:11     | Killed a two-headed ogre
 12618 | D:11     | Reached skill level 5 in Evocations
 12679 | D:11     | Identified the +2 scale mail of Apathy {rPois Int+3}
 12742 | D:11     | Found a portal to a secret trove of treasure.
 12772 | D:11     | Found a staircase to the Lair.
 12950 | Lair:1   | Entered Level 1 of the Lair of Beasts
 13150 | D:11     | Reached skill level 11 in Unarmed Combat
 13219 | D:11     | HP: 4/81 [poisoned by a cane toad]
 13220 | D:11     | Succumbed to a cane toad's poison
 13220 | D:11     | Lost a life (1 life remaining)
 13305 | Lair:1   | Gained mutation: Your thick and shaggy fur keeps you warm.
                  | (AC +3, rC+) [Felid growth]
 13305 | Lair:1   | Reached XP level 12. HP: 57/65 MP: 13/13
 13305 | Lair:1   | Gained a life (2 lives remaining)
 13662 | Lair:1   | Upgraded the game from 0.32-a0-871-ge202e49faa to
                  | 0.32-a0-872-g59262bdc9b
 14726 | Lair:2   | Found a staircase to the Shoals.
 14946 | Lair:2   | Reached skill level 12 in Unarmed Combat
 15079 | Lair:2   | Found a hole to the Spider Nest.
 15184 | Lair:2   | Noticed a four-headed hydra
 15192 | Lair:2   | Killed a four-headed hydra
 16119 | Lair:3   | Reached XP level 13. HP: 70/70 MP: 14/14
 16791 | Lair:4   | Found a gate leading to a gauntlet.
 16805 | Lair:4   | Acquired a manual of Unarmed Combat
 16822 | Gauntlet | Entered a Gauntlet
 16822 | Gauntlet | Found a transporter.
 16822 | Gauntlet | Found a transporter.
 16822 | Gauntlet | Found a transporter.
 16844 | Gauntlet | Found a transporter.
 16845 | Gauntlet | Found a transporter.
 16855 | Gauntlet | Reached skill level 15 in Dodging
 16991 | Gauntlet | Found a transporter.
 16991 | Gauntlet | Found a transporter.
 17054 | Gauntlet | Found a transporter.
 17059 | Gauntlet | Found a runed translucent gate.
 17059 | Gauntlet | Found a runed translucent gate.
 17059 | Gauntlet | Found a runed translucent gate.
 17061 | Gauntlet | Found a transporter.
 17068 | Gauntlet | Noticed a dire elephant
 17084 | Gauntlet | Slain by a spectral harpy
 17084 | Gauntlet | Lost a life (1 life remaining)
 17105 | Gauntlet | Noticed a minotaur
 17117 | Gauntlet | Killed a minotaur
 17251 | Gauntlet | Identified the +5 shortbow "Rotodwev" {drain, Str+8}
 17570 | Lair:4   | Reached skill level 13 in Unarmed Combat
 18440 | Lair:5   | Entered Level 5 of the Lair of Beasts
 18489 | Lair:5   | Found a staircase to the Slime Pits.
 18730 | Lair:5   | Noticed Snorg
 18757 | Lair:5   | Killed Snorg
 18758 | Lair:5   | Reached skill level 14 in Unarmed Combat
 18886 | Lair:5   | Reached skill level 10 in Shapeshifting
 19024 | Lair:5   | Found a dark tunnel.
 19029 | Lair:5   | Reached XP level 14. HP: 76/76 MP: 15/15
 19029 | Lair:5   | Gained a life (2 lives remaining)
 19032 | Volcano  | Entered a volcano
 19178 | Volcano  | Found a burning altar of Makhleb.
 19198 | Volcano  | Reached skill level 10 in Fighting
 19414 | Volcano  | Identified the +0 pair of gloves of Jiviytho {+Inv rPois
                  | Regen+ Int+3}
 19734 | Lair:5   | Reached skill level 15 in Unarmed Combat
 20864 | Lair:5   | Identified the +4 mace "Goupedig" {flame, Dex+4}
 21319 | D:10     | Upgraded the game from 0.32-a0-872-g59262bdc9b to
                  | 0.32-a0-876-gcfddb08e57
 21670 | Orc:1    | Found a roughly hewn altar of Beogh.
 21876 | Orc:1    | Reached skill level 16 in Unarmed Combat
 22083 | Orc:2    | Entered Level 2 of the Orcish Mines
 22083 | Orc:2    | Found a staircase to the Elven Halls.
 22482 | Orc:2    | Noticed an orc warlord
 22554 | Orc:2    | Killed an orc warlord
 26131 | Orc:2    | Found Bask's Magic Scroll Shop.
 26290 | Orc:2    | Found Lienup's General Store.
 26303 | Orc:2    | Bought a scroll of identify for 28 gold pieces
 26303 | Orc:2    | Bought a scroll of teleportation for 42 gold pieces
 26303 | Orc:2    | Bought a scroll of noise for 14 gold pieces
 26303 | Orc:2    | Bought a scroll of teleportation for 42 gold pieces
 26305 | Orc:2    | Bought a potion of invisibility for 136 gold pieces
 27364 | Orc:2    | Reached XP level 15. HP: 81/81 MP: 16/16
 27709 | Orc:2    | Found Odasos's Jewellery Shoppe.
 27709 | Orc:2    | Found Hiatucoe's Antique Weapon Emporium.
 27710 | Orc:2    | Found a one-way gate leading to the halls of Pandemonium.
 27776 | Orc:2    | Bought a +6 ring of strength for 468 gold pieces
 27776 | Orc:2    | Bought a ring of protection from cold for 325 gold pieces
 27776 | Orc:2    | Bought a blade talisman for 390 gold pieces
 28307 | D:12     | Found Oneubade's General Store.
 28364 | D:12     | Found a blossoming altar of Fedhas.
 28931 | D:13     | Found Ogoontiz's General Store.
 28938 | D:13     | Bought a scroll of acquirement for 676 gold pieces
 28938 | D:13     | Acquired a manual of Unarmed Combat
 29035 | D:13     | Found Exkum's Jewellery Shop.
 29038 | D:13     | Found Beaqaet's Jewellery Boutique.
 29054 | D:13     | Noticed Kirke
 29062 | D:13     | Killed Kirke
 29063 | D:13     | Reached skill level 17 in Unarmed Combat
 29295 | D:13     | Noticed a frost giant
 29373 | D:13     | Found Salust's Armour Shop.
 29476 | D:13     | Found a frozen archway.
 29506 | IceCv    | Entered an ice cave
 29992 | IceCv    | Noticed a frost giant
 30008 | IceCv    | Killed a frost giant
 30243 | IceCv    | Reached skill level 10 in Evocations
 30579 | D:13     | Noticed Sonja
 30594 | D:13     | Noticed a fire giant
 30603 | D:13     | Slain by Sonja
 30603 | D:13     | Lost a life (1 life remaining)
 30755 | D:13     | Noticed Jorgrun
 30760 | D:13     | Killed Jorgrun
 30765 | D:13     | Killed a frost giant
 30765 | D:13     | HP: 6/124 [centaur warrior/arrow (6)]
 30769 | D:13     | Slain by a yaktaur captain
 30769 | D:13     | Lost a life (0 lives remaining)
 30934 | D:13     | Killed a fire giant
 32086 | D:13     | Reached skill level 18 in Unarmed Combat
 32201 | D:13     | Reached XP level 16. HP: 88/88 MP: 17/17
 32201 | D:13     | Gained a life (1 life remaining)
 32249 | D:13     | Noticed a storm dragon
 32280 | D:13     | Killed a storm dragon
 32282 | D:13     | Killed Sonja
 32364 | D:13     | Noticed Azrael
 32374 | D:13     | Killed Azrael
 32380 | D:13     | Shot with an arrow by a centaur warrior
 32380 | D:13     | Lost a life (0 lives remaining)
 32617 | D:13     | Reached skill level 15 in Stealth
 34336 | D:14     | Found a gate to the Vaults.
 34727 | D:15     | Entered Level 15 of the Dungeon
 34759 | D:15     | Found a burning altar of Makhleb.
 35158 | D:14     | Reached skill level 19 in Unarmed Combat
 36390 | D:15     | Found a staircase to the Depths.
 37066 | Spider:1 | Entered Level 1 of the Spider Nest
 38611 | Spider:1 | Reached XP level 17. HP: 93/93 MP: 18/18
 38611 | Spider:1 | Gained a life (1 life remaining)
 39545 | Spider:1 | Reached skill level 20 in Unarmed Combat
 39854 | D:13     | Bought the amulet of the Barnacled God {rPois Regen+
                  | RegenMP+ Str+2 Dex-5} for 453 gold pieces
 40180 | Spider:2 | Reached ***** piety under Trog
 40573 | Spider:2 | HP: 5/141 [wolf spider[a torpor snail] (21)]
 40574 | Spider:2 | Slain by a torpor snail
 40574 | Spider:2 | Lost a life (0 lives remaining)
 42285 | Spider:3 | Reached skill level 21 in Unarmed Combat
 42735 | Spider:3 | Identified the +2 robe "Ihizihul" {rC++}
 42758 | Spider:3 | Upgraded the game from 0.32-a0-876-gcfddb08e57 to
                  | 0.32-a0-893-gf85d74f360
 42845 | Spider:3 | Noticed Arachne
 42866 | Spider:3 | Killed Arachne
 43225 | Spider:4 | Entered Level 4 of the Spider Nest
 43248 | Spider:3 | Reached XP level 18. HP: 100/100 MP: 19/19
 49170 | Spider:4 | Got a gossamer rune of Zot
 49788 | Shoals:1 | Entered Level 1 of the Shoals
 49817 | Shoals:1 | Noticed Mlioglotl
 49863 | Shoals:1 | Killed Mlioglotl
 49864 | Shoals:1 | Reached skill level 22 in Unarmed Combat
 50460 | Shoals:1 | Reached skill level 15 in Shapeshifting
 51388 | Shoals:2 | Found a hide-covered altar of Uskayaw.
 51411 | Shoals:2 | Noticed Louise
 51416 | Shoals:2 | Identified the serpent talisman of Plog {rC+ Str-4 Dex+6
                  | Stlth-}
 51416 | Shoals:2 | Noticed Aizul
 51419 | Shoals:2 | Killed Louise
 51426 | Shoals:2 | Killed Aizul
 51639 | Shoals:2 | Upgraded the game from 0.32-a0-893-gf85d74f360 to
                  | 0.32-a0-898-g7811c86cf0
 51652 | Shoals:2 | Found Umpianto's Visitors' Centre.
 51672 | Shoals:2 | Found Umpianto's Merfolk Armours.
 51672 | Shoals:2 | Found Umpianto's Merfolk Magic.
 51687 | Shoals:2 | Reached XP level 19. HP: 103/105 MP: 20/20
 51687 | Shoals:2 | Gained a life (1 life remaining)
 54285 | Shoals:3 | Identified the dragon-blood talisman of the Forsaken People
                  | {*Slow Str+2 SInv}
 54285 | Shoals:3 | Noticed Bai Suzhen
 54287 | Shoals:3 | Noticed Roxanne
 54304 | Shoals:3 | Killed Bai Suzhen
 54477 | Shoals:3 | Killed Roxanne
 54782 | Shoals:3 | Found Foasm's Overcharged Wands.
 54883 | Shoals:3 | Bought a wand of mindburst (30) for 630 gold pieces
 55960 | Shoals:4 | Entered Level 4 of the Shoals
 55987 | Shoals:4 | Noticed Ilsuiw
 55993 | Shoals:4 | Killed Ilsuiw
 57238 | Shoals:4 | Got a barnacled rune of Zot
 57609 | Vaults:1 | Entered Level 1 of the Vaults
 57775 | Vaults:1 | HP: 5/156 [deep troll[an ironbound preserver] (14)]
 59015 | Vaults:1 | Slain by an ironbound convoker
 59015 | Vaults:1 | Lost a life (0 lives remaining)
 59054 | Vaults:1 | Reached skill level 23 in Unarmed Combat
 59527 | Vaults:1 | Reached XP level 20. HP: 112/112 MP: 21/21
 60018 | Vaults:1 | Found Nithuas's Jewellery Boutique.
 61045 | Vaults:2 | Noticed Margery
 61489 | Vaults:1 | Killed Margery
 63265 | Vaults:2 | Noticed Sojobo
 63272 | Vaults:2 | Killed Sojobo
 63273 | Vaults:2 | Reached skill level 15 in Fighting
 64268 | Vaults:2 | Paralysed by a formless jellyfish for 1 turns
 66147 | Vaults:3 | Found a staircase to the Crypt.
 66149 | Vaults:3 | Reached ****** piety under Trog
 66397 | Vaults:3 | Reached XP level 21. HP: 118/118 MP: 22/22
 67701 | Vaults:3 | Reached skill level 24 in Unarmed Combat
 68638 | Shoals:3 | Bought a wand of warping (18) for 648 gold pieces
 73106 | Depths:1 | Entered Level 1 of the Depths
 73267 | Depths:1 | Found a stormy altar of Qazlal.
 73458 | Depths:1 | Noticed Norris
 73482 | Depths:1 | Killed Norris
 73628 | Depths:1 | Found a hide-covered altar of Uskayaw.
 73637 | Depths:1 | Noticed the Enchantress
 73883 | Depths:1 | Reached XP level 22. HP: 124/124 MP: 23/23
 73883 | Depths:1 | Gained a life (1 life remaining)
 74257 | Depths:1 | Killed the Enchantress
 74283 | Depths:1 | HP: 4/186 [spriggan rider/+0 spear[the Enchantress] (18)]
 74832 | Depths:1 | Found a gateway to Hell.
 75169 | Depths:1 | Upgraded the game from 0.32-a0-898-g7811c86cf0 to
                  | 0.32-a0-900-g30fb1b0edc
 75714 | Depths:2 | Killed from afar by an ice dragon
 75714 | Depths:2 | Lost a life (0 lives remaining)
 75865 | Depths:2 | Noticed Asterion
 75876 | Depths:2 | HP: 1/162 [balrug/divine providence[Asterion] (12)]
 75877 | Depths:2 | Killed Asterion
 75882 | Depths:2 | HP: 4/162 [ancient champion/+3 great mace (3)]
 75883 | Depths:2 | Killed from afar by an eidolon

Illustrated notes

Levels and vault maps discovered:
D:1:      dpeg_arrival_stonehenge_8_columns, layout_loops_ring,
          nicolae_the_louvre
D:2:      layout_basic, basic_altar, serial_shops, nicolae_shop_crystal,
          minmay_misc_feat_columns, grunt_decor_junction, nrook_loot_triangle,
          minmay_split_cup_small
D:3:      kennysheep_big_flooded_room, layout_basic,
          ebering_ecumenical_altar_abandoned
D:4:      layout_rooms, nicolae_overflow_crystal_walls, lemuel_doored_altar,
          chequers_mini_garden, lightli_minifort
D:5:      dreamdust_elfheim, layout_basic, nicolae_ru_great_annihilating_truth
D:6:      minmay_inner_zag, layout_basic, mainiacjoe_overflow_catwalk_spiral,
          mainiacjoe_ossuary_entry_find_the_door, minivault_5,
          minmay_shop_damaged, roderic_batcave
D:7:      layout_loops_ring, minmay_temple_entry_gardened_gates, uniq_menkaure
D:8:      minmay_the_grid_octo_tiled_squarecenter [minmay_the_grid_octo_shrine,
          minmay_the_grid_octo_checkered, minmay_the_grid_octo_fan_narrow,
          minmay_the_grid_octo_clover_2,
          minmay_the_grid_square_5x5_megaprize_hollow,
          minmay_the_grid_square_5x5_six, minmay_the_grid_square_5x5_shrine1,
          minmay_the_grid_square_5x5_one_wall, minmay_the_grid_square_5x5_comb],
          layout_layer_cave, nicolae_gozag_conspicuous_consumption,
          nemelex_spade_bored_becter
D:9:      layout_big_octagon, mainiacjoe_overflow_swirl
D:10:     layout_stronghold, erik_orc_2
D:11:     layout_rooms, david_lair_shrubbed, nicolae_trove_entry_columns,
          chequers_decorated_corner, nzn_sisyphean_effort
D:12:     layout_roguey, serial_shops, nicolae_take_the_stairs, fedhas_altar_1
D:13:     layout_rooms, serial_corexii_hall, chequers_hall_statues_y,
          chequers_hall_statues_wall_a, serial_shops, shop, nicolae_shop_trees,
          shop_fountains, shop, portal_ice_cave_entry_imps,
          hangedman_decor_push, nicolae_rejected_hall, uniq_jorgrun, uniq_kirke,
          uniq_azrael, uniq_sonja
D:14:     layout_roguey, hellmonk_vaults_order_and_chaos, serial_bayou_lagoon_a,
          st_stairs_7
D:15:     gammafunk_depths_entry_grave, layout_cave_pools, bloody_makhleb
Lair:1:   layout_gridlike, chequers_serial_rivers_micro_b, beast_lair_carwin_10
Lair:2:   layout_cave_pods, elwin_shoals_entry_rooms, spider_nest_entry_webs,
          nicolae_quartered_pool_medium, beast_lair_carwin_4
Lair:3:   layout_roguey
Lair:4:   layout_regular_city, gauntlet_entry_generic
Lair:5:   evilmike_catoblepas_cave, layout_layer_cave,
          nicolae_slime_entry_field_trip, enter_volcano_3, uniq_snorg
Shoals:1: layout_shoals, nicolae_shoals_secluded_bog, uniq_mlioglotl
Shoals:2: nicolae_shoals_mermall, layout_shoals, lemuel_altar_in_water,
          uniq_louise, uniq_aizul
Shoals:3: layout_shoals, nicolae_shop_overcharged_wands, uniq_roxanne,
          uniq_bai_suzhen
Shoals:4: shoals_end_simple, layout_shoals, shoals_ilsuiw_ice
Spider:1: layout_cave_pods
Spider:2: spider_temple_joshua, nicolae_looking_at_the_future
Spider:3: layout_spider_delve, nicolae_spider_jagged_tunnels, uniq_arachne
Spider:4: guppyfry_spider_rune, nicolae_spider_eight_legs
Orc:1:    layout_caves, basic_altar, lightli_orcish_oven
Orc:2:    pf_orc_diabolical, layout_caves
Vaults:1: hangedman_vaults_stream, ontoclasm_vaults_gateway,
          nicolae_vaults_weapon_check, nicolae_vaults_inception_scallops,
          nicolae_vaults_mini_display_case, v_misc_22,
          nicolae_vaults_network_star, nicolae_vaults_little_squares_5,
          v_misc_4, vaults_dpeg_hooks, layout_vaults_quadrants, serial_shops,
          shop_statue
Vaults:2: nicolae_vaults_network_quinsquares
          [nicolae_vaults_network_quincunx_subvault,
          nicolae_vaults_network_quincunx_subvault,
          nicolae_vaults_network_quincunx_subvault,
          nicolae_vaults_network_quincunx_subvault],
          nicolae_vaults_network_barrier, ontoclasm_vaults_chip,
          v_alt_pattern_6, nicolae_vaults_storage_closets_2,
          ontoclasm_vaults_misaligned, nicolae_vaults_cochlea, v_misc_12,
          vaults_dpeg_encased_lava, ontoclasm_vaults_twist,
          vaults_mumra_chevron, nicolae_vaults_big_angled_halls,
          ontoclasm_vaults_fault, nicolae_vaults_tetromino_Z_1,
          ontoclasm_vaults_ring_square, v_misc_15, layout_vaults_maze,
          uniq_margery, uniq_sojobo
Vaults:3: hangedman_vaults_nodes, nicolae_vaults_branching_niches, v_misc_2,
          minmay_crypt_entry_vampire_xt, nicolae_vaults_oval_intersection,
          nicolae_vaults_octothorpe, nicolae_vaults_heart-shaped_vault,
          nicolae_vaults_windows_and_doors_thing, hangedman_vaults_cutoff,
          layout_vaults_big_room
Vaults:4: nicolae_vaults_apartment_1, nicolae_vaults_closet_pinwheel_3,
          vaults_room_stairs_pillars, v_pattern_2, nicolae_vaults_trapezoid_3,
          nicolae_vaults_variable_pillar_hall, ontoclasm_vaults_bender,
          vaults_dpeg_diagonal, nicolae_vaults_stand_back, v_misc_24,
          vaults_standard_mumra_lines, nicolae_vaults_closet_pinwheel_3,
          ontoclasm_vaults_eye, vaults_room_fours, layout_vaults_omnibox
Depths:1: layout_gridlike, nicolae_qazlal_general_emergency, hell_entry,
          minmay_misc_feat_four_crosses, nicolae_uskayaw_en_pointe,
          uniq_enchantress, uniq_norris
Depths:2: minmay_gate_of_8, layout_gridlike, serial_sigils_hangedman_stare,
          grunt_pan_entry_sceptre, grunt_mini_vestibule, kennysheep_path_1,
          minmay_misc_feat_roman, drop_trap, minmay_staircase_windowed_small,
          serial_bayou_shore_b, uniq_asterion

Skill      XL: |  1  2  3  4  5  6  7  8  9 10 11 12 13 14 15 16 17 18 19 20 21 22 |
---------------+-------------------------------------------------------------------+-----
Stealth        | 1 2 3 4 5 6 8 9 10 11 12 13 14 16 17 18 19 20 21 | 21.7
Unarmed Combat | 4 5 6 7 8 9 11 12 14 16 18 19 21 22 23 24 | 24.8
Dodging        | 5 6 7 9 11 13 14 16 17 18 19 20 | 20.8
Fighting       | 4 5 6 7 8 9 10 11 12 13 14 15 16 | 16.4
Shapeshifting  | 1 3 4 6 7 8 10 11 12 13 14 15 16 17 18 | 18.1
Evocations     | 2 3 5 6 8 9 10 11 12 13 14 | 14.4

Action                     |  1- 3 |  4- 6 |  7- 9 | 10-12 | 13-15 | 16-18 | 19-21 | 22-24 || total
---------------------------+-------+-------+-------+-------+-------+-------+-------+-------++-------
  Melee: Unarmed           |   116 |   143 |   408 |   452 |   999 |  1147 |   981 |   140 ||  4386
         Bite              |     7 |    20 |    51 |    39 |    49 |   104 |   138 |    18 ||   426
         Punch             |       |     5 |    22 |     3 |    42 |    75 |   157 |    17 ||   321
         Constrict         |       |       |       |    66 |   173 |   109 |       |       ||   348
         Tailslap          |       |       |       |       |       |       |   180 |    20 ||   200
 Invoke: Berserk           |     3 |     5 |    13 |    18 |    25 |    24 |    23 |     2 ||   113
         Trog's Hand       |       |       |    14 |    19 |    51 |    33 |    37 |     5 ||   159
         Brothers in Arms  |       |       |       |       |       |     2 |     2 |     1 ||     5
Ability: Begin Untransform |       |       |       |       |     1 |       |       |       ||     1
         Breathe Fire      |       |       |       |       |       |       |     5 |       ||     5
  Evoke: Wand              |       |       |     1 |    28 |    42 |    50 |    37 |     2 ||   160
         Phantom mirror    |       |       |       |       |     1 |     1 |       |       ||     2
         Condenser vane    |       |       |       |       |       |     1 |     2 |       ||     3
    Use: Scroll            |     3 |     2 |    12 |    12 |     9 |     5 |    11 |     1 ||    55
         Potion            |       |       |     3 |     1 |     7 |     7 |    15 |     7 ||    40
   Stab: Sleeping          |     8 |     4 |    23 |    15 |    30 |    34 |    42 |     5 ||   161
         Distracted        |       |     2 |     2 |     1 |     3 |     8 |    13 |     1 ||    30
         Paralysed         |       |       |       |       |     5 |       |     2 |       ||     7
         Invisible         |       |       |       |       |     8 |     4 |     5 |       ||    17
 Armour: Skin              |    31 |    28 |   106 |   128 |   440 |   521 |   598 |    95 ||  1947
  Dodge: Dodged            |    97 |    96 |   357 |   290 |   797 |  1525 |   960 |   123 ||  4245
  Block: Other             |    21 |    22 |    83 |    93 |   170 |   147 |   187 |    12 ||   735
         Reflection        |       |       |     2 |     2 |     7 |    20 |    32 |       ||    63
   Form: Flux              |       |       |       |     2 |     1 |     1 |       |       ||     4
         Serpent           |       |       |       |     2 |     2 |     3 |       |       ||     7
         Maw               |       |       |       |     2 |     1 |       |       |       ||     3
         Blade             |       |       |       |       |     1 |     2 |     1 |       ||     4
         Statue            |       |       |       |       |       |     2 |     2 |     1 ||     5
         Dragon            |       |       |       |       |       |       |     2 |       ||     2

Table legend: (Time is in decaauts)
 A = Elapsed time spent in this place.
 B = Non-inter-level travel time spent in this place.
 C = Inter-level travel time spent in this place.
 D = Time resting spent in this place.
 E = Time spent auto-exploring this place.
 F = Levels seen in this place.
 G = Mean time per level.
                   A        B        C        D        E       F      G
               +--------+--------+--------+--------+--------+-----+--------+
         Total |  78589 |  75256 |   3333 |  40230 |  20825 |  40 | 1964.7 |
       Dungeon |  22480 |  21424 |   1056 |   9901 |   7632 |  15 | 1498.7 |
          Lair |   7497 |   6657 |    840 |   1524 |   3616 |   5 | 1499.4 |
        Shoals |  10397 |   9871 |    526 |   5353 |   2821 |   4 | 2599.2 |
   Spider Nest |  12447 |  12051 |    396 |   8325 |   1654 |   4 | 3111.8 |
  Orcish Mines |   6475 |   6427 |     48 |   4465 |    617 |   2 | 3237.5 |
        Vaults |  14126 |  13683 |    443 |   8293 |   3419 |   4 | 3531.5 |
        Depths |   2775 |   2754 |     21 |   1213 |    615 |   2 | 1387.5 |
       Ossuary |    422 |    422 |      0 |    242 |     14 |   1 |  422.0 |
      Ice Cave |   1015 |   1015 |      0 |    535 |    211 |   1 | 1015.0 |
       Volcano |    454 |    454 |      0 |    175 |     30 |   1 |  454.0 |
      Gauntlet |    496 |    496 |      0 |    199 |    194 |   1 |  496.0 |
               +--------+--------+--------+--------+--------+-----+--------+

Top non-repeatable levels by time:
   Orc:2: 5839 daAuts
Spider:4: 5112 daAuts
Shoals:3: 4313 daAuts
Vaults:2: 3905 daAuts
    D:13: 3757 daAuts
Vaults:3: 3612 daAuts
Vaults:1: 3496 daAuts
Vaults:4: 3111 daAuts
Shoals:2: 2970 daAuts
Spider:1: 2813 daAuts
    D:14: 2455 daAuts
Shoals:1: 2359 daAuts
Spider:2: 2323 daAuts
Spider:3: 2198 daAuts
  Lair:5: 2151 daAuts
